 Dungeon Crawl Stone Soup version 0.32-a0-900-g30fb1b0edc (webtiles) character file.

Game seed: 12042903731787919809

2692 Fodor the Cleaver (level 9, -15/79 HPs)
             Began as a Minotaur Fighter on Apr 5, 2024.
             Was an Initiate of Gozag.
             Demolished by a red ugly thing (23 damage)
             ... on level 7 of the Dungeon.
             The game lasted 00:18:10 (6269 turns).

Fodor the Cleaver (Minotaur Fighter)                Turns: 6269, Time: 00:18:12

Health: -15/79     AC: 12    Str: 25    XL:     9   Next: 38%
Magic:  8/8        EV: 10    Int:  5    God:    Gozag
Gold:   254        SH:  5    Dex: 16    Spells: 7/8 levels left

rFire   . . .        E - +2 morningstar
rCold   . . .        c - +0 buckler
rNeg    . . .        n - +0 chain mail
rPois   .            (helmet restricted)
rElec   .            (no cloak)
rCorr   .            u - +0 pair of gloves
SInv    .            (no boots)
Will    ++...        (no amulet) Stlth
                     j - ring of willpower
HPRegen 0.33/turn    r - +6 ring of dexterity
MPRegen 0.11/turn

%: no passive effects
@: enlightened, flying
A: horns 2, retaliatory headbutt
a: Renounce Religion, Potion Petition, Call Merchant, Bribe Branch


You were on level 7 of the Dungeon.
You worshipped Gozag.
Gozag was aware of your devotion.
You visited 2 branches of the dungeon, and saw 8 of its levels.

You collected 387 gold pieces.
You paid 133 gold pieces to Gozag.

Inventory:

Hand Weapons
 E - a +2 morningstar (weapon)
Armour
 c - a +0 buckler (worn)
 n - a +0 chain mail (worn)
 u - a +0 pair of gloves (worn)
Jewellery
 j - a ring of willpower (left hand)
 k - a ring of resist corrosion
 r - a +6 ring of dexterity (right hand)
Talismans
 x - a blade talisman
Wands
 h - a wand of charming (29)
 z - a wand of flame (14)
Scrolls
 b - a scroll of brand weapon {unknown}
 e - 2 scrolls of poison {unknown}
 f - 2 scrolls of immolation {unknown}
 l - a scroll of enchant weapon {unknown}
 m - 3 scrolls of noise {unknown}
 s - 4 scrolls of teleportation {unknown}
 v - 2 scrolls of vulnerability {unknown}
 y - 2 scrolls of identify {unknown}
 A - a scroll of fog {unknown}
 B - a scroll of silence {unknown}
 C - a scroll of enchant armour {unknown}
Potions
 d - 2 potions of might
 i - a potion of haste
 p - a potion of enlightenment
 q - a potion of lignification {unknown}
 t - 3 potions of attraction {unknown}
 w - 2 potions of cancellation {unknown}


   Skills:
 + Level 7.0 Fighting
 + Level 8.2(9.0) Axes
 + Level 5.5(7.6) Maces & Flails
 + Level 8.0 Armour
 + Level 4.5 Dodging
 + Level 0.7 Stealth
 + Level 6.2 Shields


You had 7 spell levels left.
You knew the following spells:

 Your Spells              Type           Power      Damage    Failure   Level
a - Sting                 Conj/Alch      0%         1d3       95%         1

Your spell library contained the following spells:

 Spells                   Type           Power      Damage    Failure   Level
 Sandblast                Erth           0%         2d4       95%         1
 Mercury Vapours          Alch/Air       0%         N/A       99%         2
 Stone Arrow              Conj/Erth      0%         3d7       100%        3
 Brom's Barrelling Bould  Conj/Erth      0%         2d3       100%        4
 Olgreb's Toxic Radiance  Alch           0%         N/A       100%        4


Dungeon Overview and Level Annotations

Branches:
Dungeon (7/15)             Temple (1/1) D:4

Altars:
Ashenzari
Dithmenos
Elyvilon
Fedhas
Gozag
Kikubaaqudgha
Makhleb
Nemelex Xobeh
Okawaru
Qazlal
Uskayaw
Vehumet
Wu Jian
Zin
The Shining One

Shops:
D:2 [   D:6 :


Innate Abilities, Weirdness & Mutations

You have a pair of horns on your head.
You reflexively headbutt those who attack you in melee.


Message History

The red ugly thing engulfs you!
* * * LOW HITPOINT WARNING * * *
You are engulfed in flames!!
* * * LOW HITPOINT WARNING * * *
It was a potion of enlightenment.
You feel very buoyant.
You fly up into the air.
The shadow imp is distracted by your dazzling golden aura.
The red ugly thing is distracted by your dazzling golden aura.
It was a potion of curing.
You feel better.
The shadow imp is no longer distracted by gold.
The shadow imp hits you but does no damage.
The red ugly thing gurgles horribly!
You feel better.
Something shouts, "Scamper away, thou horrid ruttish bounder!"
The shadow imp barely misses you. You furiously retaliate!
You headbutt the shadow imp.
You kill the shadow imp!
You puncture the red ugly thing!
The red ugly thing is no longer distracted by gold.
The red ugly thing is moderately wounded.
The red ugly thing closely misses you.
You puncture the red ugly thing! You headbutt the red ugly thing!
The red ugly thing is severely wounded.
A white imp comes into view.
The red ugly thing engulfs you but does no damage.
You puncture the red ugly thing!
You headbutt the red ugly thing, but do no damage.
The red ugly thing is severely wounded.
The red ugly thing engulfs you but does no damage.
The white imp gestures at you. The puff of frost hits you.
* * * LOW HITPOINT WARNING * * *
You hit the red ugly thing but do no damage.
The red ugly thing is severely wounded.
The red ugly thing engulfs you.
* * * LOW HITPOINT WARNING * * *
You are engulfed in flames!!
You die...
Your body crumbles into a pile of gold.

....##.##.......
#.PP.P.................
............<.........
.##.....................
......>.....#...........
....... #####.....#....
?...... ######.....#....
.#.....##.#.............
.......@$.$$............
._.....$u$$=...........)
........$.#######.#.....
.#.........# #.##....
............# #..#....
#.#........... .....##.
# ##...5....... ........
#...!...##........#.#
......... ..........


You could see a red ugly thing and a white imp.

Vanquished Creatures
  Pikel (D:7)
  Sigmund (D:6)
  A water moccasin (D:7)
  A black bear (D:4)
  An orc warrior (D:7)
  A phantom (D:5)
  3 bullfrogs
  2 scorpions
  3 wights (D:6)
  4 killer bees (D:6)
  2 howler monkeys (D:7)
  6 hounds
  3 orc priests
  A bombardier beetle (D:2)
  2 jellies
  A gnoll bouda (D:4)
  2 sleepcaps
  2 iguanas
  Natasha (thrice) (D:4)
  4 orc wizards
  5 gnolls (D:4)
  6 adders
  A shadow imp (D:7)
  A white imp (D:6)
  4 ufetubi
  3 dart slugs
  3 ribbon worms (D:2)
  21 orcs
  10 ball pythons
  7 bats
  10 endoplasms
  5 giant cockroaches
  4 goblins
  11 hobgoblins
  12 jackals
  8 kobolds
  2 quokkas
  4 frilled lizards
  4 rats
165 creatures vanquished.

Vanquished Creatures (others)
  An orc wizard (D:6)
1 creature vanquished.

Grand Total: 166 creatures vanquished

Notes
Turn   | Place    | Note
-------+----------+-------------------------------------------
     0 | D:1      | Fodor the Minotaur Fighter began the quest for the Orb.
     0 | D:1      | Reached XP level 1. HP: 19/19 MP: 0/0
    21 | D:1      | Reached XP level 2. HP: 18/27 MP: 1/1
   290 | D:1      | Reached XP level 3. HP: 29/33 MP: 2/2
   885 | D:2      | Reached XP level 4. HP: 7/41 MP: 3/3
  1310 | D:2      | Found a faded altar of an unknown god.
  1407 | D:2      | Found Juocziaz's Antique Armour Shop.
  1851 | D:3      | Reached skill level 1 in Dodging
  1851 | D:3      | Reached XP level 5. HP: 37/47 MP: 4/4
  2750 | D:4      | Noticed Natasha
  2756 | D:4      | Killed Natasha
  2878 | D:4      | Found a staircase to the Ecumenical Temple.
  2892 | Temple   | Entered the Ecumenical Temple
  3003 | D:4      | Reached XP level 6. HP: 37/53 MP: 5/5
  3018 | D:4      | Reached skill level 5 in Armour
  3019 | D:4      | Reached skill level 5 in Axes
  3032 | D:4      | HP: 1/55 [gnoll bouda/+0 club (8)]
  3104 | D:4      | Noticed Natasha
  3109 | D:4      | Killed Natasha
  3195 | D:4      | Reached skill level 5 in Fighting
  3513 | D:4      | Reached XP level 7. HP: 45/61 MP: 6/6
  3656 | D:4      | Noticed Natasha
  3668 | D:4      | Killed Natasha
  3764 | D:5      | Entered Level 5 of the Dungeon
  3947 | D:5      | Found a white marble altar of Elyvilon.
  4024 | D:5      | Found a stormy altar of Qazlal.
  4279 | D:5      | Found an iron altar of Okawaru.
  4285 | D:5      | Learned a level 1 spell: Sting
  4336 | D:5      | Reached skill level 5 in Shields
  4563 | D:6      | Found a hide-covered altar of Uskayaw.
  4579 | D:6      | Reached XP level 8. HP: 70/70 MP: 7/7
  4943 | D:6      | Noticed Sigmund
  4961 | D:6      | Killed Sigmund
  4962 | D:6      | Reached skill level 1 in Maces & Flails
  5446 | D:6      | Found Cyuxiny's Book Emporium.
  6090 | D:7      | Found an opulent altar of Gozag.
  6132 | D:7      | Became a worshipper of Gozag Ym Sagoz the Greedy
  6196 | D:7      | Noticed Pikel
  6213 | D:7      | Killed Pikel
  6214 | D:7      | Reached XP level 9. HP: 68/78 MP: 8/8
  6216 | D:7      | Reached skill level 5 in Maces & Flails
  6248 | D:7      | Noticed a red ugly thing
  6255 | D:7      | Found a radiant altar of Vehumet.
  6262 | D:7      | HP: 3/79 [red ugly thing (18)]
  6269 | D:7      | Demolished by a red ugly thing

Illustrated notes

Levels and vault maps discovered:
D:1:      lemuel_arrival_lava_pool, layout_basic, serial_park_tiny_2
D:2:      layout_loops_ring, shapermc_ecumenical_altar_hornbeckon, serial_shops,
          shop
D:3:      layout_loops_corners, grunt_ministairs_8, item_on_display_a
D:4:      layout_gridville, temple_fountains, uniq_natasha
D:5:      layout_basic, lemuel_round_altar, nicolae_qazlal_scattered_showers,
          mainiacjoe_overflow_paths
D:6:      minmay_spotlight, layout_loops_cross, eat_drink_and_be_merry_uskayaw,
          nicolae_overflow_hidden_temple, serial_shops,
          nicolae_shop_behind_doors, uniq_sigmund
D:7:      layout_cave_pools, mainiacjoe_overflow_small_starburst,
          mainiacjoe_overflow_tiny_flanked, gammafunk_temple_overflow_statue,
          gammafunk_ghost_smash, serial_demonic, serial_demonic_c,
          serial_demonic_c, serial_demonic_c, serial_demonic_c, uniq_pikel
Temple:   jpeg_temple_island

Skill      XL: |  1  2  3  4  5  6  7  8  9 |
---------------+----------------------------+-----
Fighting       | 4 5 6 7 |  7.0
Armour         | 4 5 6 7 8 |  8.0
Shields        | 4 5 6 |  6.2
Axes           | 3 4 5 7 8 |  8.2
Dodging        | 1 2 4 |  4.5
Maces & Flails | 4 5 |  5.5
Stealth        | |  0.7

Action                     |  1- 3 |  4- 6 |  7- 9 || total
---------------------------+-------+-------+-------++-------
  Melee: War axe           |    58 |   164 |    63 ||   285
         Headbutt          |    10 |    31 |    40 ||    81
         Morningstar       |       |       |   125 ||   125
    Use: Potion            |       |     2 |     4 ||     6
 Armour: Scale mail        |    67 |    44 |       ||   111
         Chain mail        |       |   112 |   187 ||   299
  Dodge: Dodged            |    42 |    84 |   128 ||   254
  Block: Buckler           |    18 |    56 |    73 ||   147

Table legend: (Time is in decaauts)
 A = Elapsed time spent in this place.
 B = Non-inter-level travel time spent in this place.
 C = Inter-level travel time spent in this place.
 D = Time resting spent in this place.
 E = Time spent auto-exploring this place.
 F = Levels seen in this place.
 G = Mean time per level.
                   A        B        C        D        E       F      G
               +--------+--------+--------+--------+--------+-----+--------+
         Total |   6376 |   6165 |    211 |    729 |   3712 |   8 |  797.0 |
       Dungeon |   6302 |   6114 |    188 |    729 |   3712 |   7 |  900.3 |
        Temple |     73 |     50 |     23 |      0 |      0 |   1 |   73.0 |
               +--------+--------+--------+--------+--------+-----+--------+

Top non-repeatable levels by time:
     D:6: 1589 daAuts
     D:4: 1050 daAuts
     D:2: 1036 daAuts
     D:3: 910 daAuts
     D:5: 764 daAuts
     D:1: 760 daAuts
     D:7: 191 daAuts
  Temple: 73 daAuts
